 Dungeon Crawl Stone Soup version 0.30-a0-737-gf23d94013f (webtiles) character file.

Game seed: 17963775556006245716

158 MackTheKnife the Insei (level 5, -4/38 HPs)
             Began as an Octopode Wanderer on Feb 3, 2023.
             Slain by Edmund
             ... wielding a +2 flail of protection
              (8 damage)
             ... on level 4 of the Dungeon.
             The game lasted 00:02:47 (2283 turns).

MackTheKnife the Insei (Octopode Wanderer)          Turns: 2283, Time: 00:02:48

Health: -4/38      AC:  1    Str: 12    XL:     5   Next: 40%
Magic:  6/6        EV: 12    Int: 12    God:
Gold:   188        SH:  0    Dex: 15    Spells: 6/6 levels left

rFire   . . .      SeeInvis .      - Unarmed
rCold   . . .      Faith    .    (no shield)
rNeg    . . .      Spirit   .    d - +0 hat
rPois   .          Reflect  .    g - amulet of magic regeneration {@e2}
rElec   .          Harm     .    (no ring)
rCorr   .          Rampage  .    (no ring)
Will    .....                    (no ring)
Stlth   +++                      (no ring)
HPRegen 0.26/turn                (no ring)
MPRegen 0.50/turn                (no ring)
                                 (no ring)
                                 (no ring)

@: no status effects
A: almost no armour, amphibious, 8 rings, camouflage 1, gelatinous body 1,
(nimble swimmer 1), tentacles
a: no special abilities


You were on level 4 of the Dungeon.
You visited 1 branch of the dungeon, and saw 4 of its levels.
You also visited: Sewer.

You collected 188 gold pieces.


Innate Abilities, Weirdness & Mutations

You cannot wear most types of armour.
You are amphibious.
You can wear up to eight rings at the same time.
Your skin changes colour to match your surroundings (Stealth+).
Your rubbery body absorbs attacks. (AC +1, EV +1)
((You are camouflaged when in or above water. (Stealth+)))
You have tentacles for arms and can constrict up to eight enemies at once.


   Skills:
 - Level 4.6 Fighting
 + Level 0.0 Dodging
 - Level 2.6 Stealth
 + Level 5.4 Unarmed Combat
 - Level 1.0 Spellcasting


You had 6 spell levels left.
You didn't know any spells.
Your spell library was empty.

Inventory:

Armour
 d - a +0 hat (worn)
Magical Staves
 j - a staff of conjuration {!a@e2staff}
   (You found it on level 1 of the Dungeon)
 s - a staff of air {!astaff}
   (You found it on level 3 of the Dungeon)
Jewellery
 g - an amulet of magic regeneration (around mantle) {@e2}
   (You took it off a goblin on level 1 of the Dungeon)
Scrolls
 b - a scroll of fear {unknown}
 f - a scroll of poison {unknown}
 l - a scroll of enchant armour {unknown}
 m - a scroll of fog {unknown}
 o - a scroll of blinking {unknown}
 q - a scroll of magic mapping {unknown}
 r - a scroll of identify {unknown}
 t - a scroll of summoning {unknown}
 u - 3 scrolls of teleportation {unknown}
 v - a scroll of enchant weapon {unknown}
 y - a scroll of torment {unknown}
Potions
 a - a potion of might {unknown}
 c - 2 potions of lignification {!q}
 e - 2 potions of heal wounds {@q2}
 h - 4 potions of curing {unknown}
 i - a potion of degeneration {unknown}
 k - a potion of ambrosia {unknown}
 n - a potion of haste {unknown}
 p - a potion of brilliance {unknown}
 x - a potion of mutation {unknown}
Miscellaneous
 w - a tin of tremorstones (2/2) {throwing}
   (You found it in a sewer)

Dungeon Overview and Level Annotations

Branches:
Dungeon (4/15) Zot: 21872   Sewer (visited)
 Temple: D:4-7

Altars:

Annotations:
D:4 Edmund

...........#..
#..........#..
##........#..#
#............#
.............##
.....|........#
..S...........##.
#...@@.<.......
#..............
###...........#
#...........#
##.....?.....
#..........#
#.......?..#
..###......#


You could see Edmund and a ball python.


Message History

Unknown command.
You start resting.
You feel your anger nearly subside.
You are no longer berserk.
You are exhausted.
You feel yourself slow down. 😕 HP[-15]
You now have 38 max hp (-19).
You start resting. 😎 HP[+7]
Your hp is fully restored (38).
You start waiting.
You feel yourself speed up.
You enter the shallow water.
b - a scroll labelled POUSHA ZAUFAILOIMP
w - a tin of tremorstones (2/2) {throwing}
x - a fizzy brown potion You enter the shallow water.
You recover from your berserk rage.
You now have 180 gold pieces (gained 12).
You enter the shallow water.
You enter the shallow water.
Done exploring.
You enter the shallow water.
You enter the shallow water.
You enter the shallow water.
You enter the shallow water.
You enter the shallow water.
There is a gate leading back out of this place here.
Welcome back to the Dungeon!
There is a collapsed entrance here.
Okay, then.
There is a large open door here.
You enter the shallow water.
You see here a river rat corpse.
Key pressed, stopping explore.
You open the door.
There is an open door here.
Key pressed, stopping explore.
Key pressed, stopping explore.
y - a scroll labelled UBATTAGERIU Key pressed, stopping explore.
A frilled lizard is nearby!
The helpless frilled lizard fails to defend itself.
You tentacle-slap the frilled lizard.
You kill the frilled lizard!
No target in view!
No target in view!
No target in view!
No target in view!
No target in view!
You now have 188 gold pieces (gained 8).
Key pressed, stopping explore.
There is a stone staircase leading down here.
Done exploring.
Done exploring.
Done exploring.
Done exploring.
(D) Dungeon
Where to? (? - help)
What level of the Dungeon? (default 1, ? - help)
There is a stone staircase leading down here.
You climb downwards.
There is a stone staircase leading up here.
Edmund is nearby!
A ball python comes into view.
The helpless Edmund fails to defend himself.
You tentacle-slap Edmund. You grab Edmund. You squeeze Edmund.
You constrict Edmund, but do no damage.
You tentacle-slap Edmund but do no damage.
You constrict Edmund.
Edmund hits you with a +2 flail of protection! 😕 HP[-7]
You take 7 damage, and now have 31/38 hp.
You tentacle-slap Edmund. You squeeze Edmund. You constrict Edmund.
Edmund hits you with a +2 flail of protection. 😮 HP[-3]
You take 3 damage, and now have 28/38 hp.
You are too injured to fight recklessly!
You barely miss Edmund. You squeeze Edmund.
You constrict Edmund, but do no damage.
Edmund hits you with a +2 flail of protection. 😮 HP[-5]
You take 5 damage, and now have 23/38 hp.
You bludgeon Edmund! You constrict Edmund, but do no damage.
Edmund hits you with a +2 flail of protection!
* * * LOW HITPOINT WARNING * * *
😨 HP[-10]
You take 10 damage, and now have 13/38 hp.
MASSIVE DAMAGE!! (PAUSE)
You tentacle-slap Edmund but do no damage.
You constrict Edmund, but do no damage.
Edmund hits you with a +2 flail of protection!
* * * LOW HITPOINT WARNING * * *
😱 HP[-9]
You take 9 damage, and now have 4/38 hp.
MASSIVE DAMAGE!! (PAUSE)
You tentacle-slap Edmund but do no damage.
You squeeze Edmund, but do no damage. You constrict Edmund.
Edmund hits you with a +2 flail of protection!
You die...

Skill      XL: |  1  2  3 |
---------------+----------+-----
Fighting       | 4 |  4.6
Unarmed Combat | 5 |  5.4
Stealth        | |  2.6
Spellcasting   | |  1.0

Action                     |  1- 3 |  4- 6 || total
---------------------------+-------+-------++-------
  Melee: Unarmed           |    85 |     8 ||    93
         Constrict         |    22 |     1 ||    23
         Tentacles         |    15 |     4 ||    19
         Punch             |     1 |       ||     1
    Use: Potion            |     1 |       ||     1
   Stab: Sleeping          |     7 |     2 ||     9
 Armour: Skin              |     6 |       ||     6
  Dodge: Dodged            |    52 |       ||    52

Levels and vault maps discovered:
D:1:      noname_arrival_rooms_in_the_neighbourhood, layout_loops_ring,
          ebering_ecumenical_altar_rust
D:2:      layout_rooms
D:3:      kennysheep_six_static_rooms, layout_loops_cross, gup_sewer_entry_bowl,
          nicolae_kite_square_tiling_tiny
D:4:      layout_cave_pools, serial_shops, shop,
          nicolae_shop_competitors_out_of_business, shop, shop,
          nicolae_shop_trees, minmay_shop_damaged, skrybe_limestone_x,
          minmay_starry_boxes, uniq_eustachio, uniq_edmund

Notes
Turn   | Place    | Note
-------+----------+-------------------------------------------
     0 | D:1      | MackTheKnife the Octopode Wanderer began the quest for the
                  | Orb.
     0 | D:1      | MackTheKnife set off with the following items: a +0 dagger
                  | {short}, a potion of berserk rage {!q}, 2 potions of
                  | lignification {!q}, a +0 hat, a potion of heal wounds
                  | {@q2}.
     0 | D:1      | Reached XP level 1. HP: 16/16 MP: 2/2
     0 | D:1      | magus.rc [v1.9.6]
   157 | D:1      | Reached XP level 2. HP: 9/21 MP: 3/3
   523 | D:1      | Found a faded altar of an unknown god.
  1077 | D:2      | Reached XP level 3. HP: 7/26 MP: 4/4
  1866 | D:3      | Found a glowing drain.
  1870 | Sewer    | Entered a sewer
  1937 | Sewer    | Noticed a water moccasin
  1939 | Sewer    | magus.rc [v1.9.6]
  1946 | Sewer    | Killed a water moccasin
  1947 | Sewer    | Reached skill level 4 in Fighting
  1947 | Sewer    | Reached skill level 5 in Unarmed Combat
  1947 | Sewer    | Reached XP level 4. HP: 34/34 MP: 5/5
  1947 | Sewer    | Reached XP level 5. HP: 38/38 MP: 6/6
  2274 | D:4      | Noticed Edmund
  2282 | D:4      | HP: 4/38 [Edmund/+2 flail of protection (9)]
  2283 | D:4      | Slain by Edmund

Vanquished Creatures
  A water moccasin (Sewer)
  A river rat (D:3)
  6 endoplasms
  3 giant cockroaches
  6 goblins
  6 hobgoblins
  3 jackals (Sewer)
  A ball python (D:2)
  3 bats
  5 frilled lizards
  5 kobolds
  2 rats
42 creatures vanquished.

Table legend:
 A = Non-vault XP
 B = Vault XP
 C = Vault XP percentage of total XP
 D = Non-vault monster count
 E = Vault monster count
 F = Vault count percentage of total count
                 A         B        C        D         E       F
            +---------+---------+-------+---------+---------+-------
      Total |      58 |     169 |  74.4 |      36 |       6 |  14.3
            +---------+---------+-------+---------+---------+-------
        D:1 |      24 |       0 |   0.0 |      15 |       0 |   0.0
        D:2 |      14 |       0 |   0.0 |       9 |       0 |   0.0
        D:3 |      20 |      16 |  44.4 |      12 |       2 |  14.3
      Sewer |       0 |     153 | 100.0 |       0 |       4 | 100.0
            +---------+---------+-------+---------+---------+-------

Illustrated notes

Table legend:
 A = Kills in this place as a percentage of kills in entire the game.
 B = Kills by you in this place as a percentage of kills by you in the entire game.
 C = Kills by friends in this place as a percentage of kills by friends in the entire game.
 D = Other kills in this place as a percentage of other kills in the entire game.
 E = Experience gained in this place as a percentage of experience gained in the entire game.
 F = Experience gained in this place divided by the number of levels of this place that you have seen.
                   A       B       C       D       E      F
               +-------+-------+-------+-------+-------+----------------------
         Total | 100.0 | 100.0 |   N/A |   N/A | 100.0 |  45.4
       Dungeon |  90.5 |  90.5 |   N/A |   N/A |  32.6 |  18.5
         Sewer |   9.5 |   9.5 |   N/A |   N/A |  67.4 | 153.0
               +-------+-------+-------+-------+-------+----------------------

Table legend: (Time is in decaauts)
 A = Elapsed time spent in this place.
 B = Non-inter-level travel time spent in this place.
 C = Inter-level travel time spent in this place.
 D = Time resting spent in this place.
 E = Time spent auto-exploring this place.
 F = Levels seen in this place.
 G = Mean time per level.
                   A        B        C        D        E       F      G
               +--------+--------+--------+--------+--------+-----+--------+
         Total |   2284 |   2199 |     85 |    199 |   1649 |   5 |  456.8 |
       Dungeon |   2126 |   2041 |     85 |    161 |   1582 |   4 |  531.5 |
         Sewer |    158 |    158 |      0 |     38 |     67 |   1 |  158.0 |
               +--------+--------+--------+--------+--------+-----+--------+

Top non-repeatable levels by time:
     D:1: 790 daAuts
     D:3: 725 daAuts
     D:2: 602 daAuts
   Sewer: 158 daAuts
     D:4: 8 daAuts
